AoeStats
← NonlyZorg

QS Arena

503322112Analyzed
4v4 RM · 1mo ago on Aug 31, 2026· 38m 4s· 8 players
Game mode
Random Map
Map size
Large (8 player)
Population
200
Speed
Normal
Resources
Standard
Victory
Conquest
Starting age
Dark Age
Ending age
Imperial Age
RankedLock teamsTeams togetherTeam positionsShared explorationLock speedFull tech treeHidden civsTurbo modeCheats
Victory
Defeat
🇨🇳 Bohemians · China
1318
+11
🇨🇳 Goths · China
1186
+17
🇨🇦 Khmer · Canada
1163
+18
🇨🇳 Persians · China
1082
+22
🇨🇦 Gurjaras · Canada
1297
-21
🇦🇷 Japanese · Argentina
1256
-19
🇺🇸 Mongols · United States
1218
-17
🇺🇸 Celts · United States
1057
-10
清纯帝
8:34 Feudal Age
13:09 Castle Age
13:43 Double-Bit Axe
24:40 Horse Collar
25:18 Bow Saw
26:31 Forging
28:11 Heavy Plow
28:49 Iron Casting
28:20 Scale Barding Armor
28:18 Scale Mail Armor
28:25 Caravan
28:40 Anarchy
28:45 Squires
29:23 Gold Mining
29:24 Stone Mining
28:57 Pikeman
33:06 Imperial Age
30:23 Loom
31:32 Chain Mail Armor
32:15 Stone Shaft Mining
32:23 Wheelbarrow
32:43 Town Watch
34:04 Hand Cart
33:51 Town Patrol
34:15 Conscription
35:39 Blast Furnace
34:41 Perfusion
34:04 Halberdier
36:18 Elite Huskarl
39:41 Chemistry
39:01 Ballistics
Hungry Hippo
1:13 Loom
8:11 Feudal Age
14:41 Castle Age
12:58 Double-Bit Axe
13:12 Horse Collar
20:33 Bow Saw
20:25 Heavy Plow
22:51 Gold Mining
25:11 Bloodlines
25:15 Husbandry
26:33 Light Cavalry
27:26 Forging
27:17 Padded Archer Armor
27:10 Fletching
28:18 Ballistics
27:54 Murder Holes
28:12 Fortified Wall
31:07 Imperial Age
28:24 Town Watch
30:09 Gold Shaft Mining
29:27 Stone Mining
31:02 Iron Casting
30:33 Scale Barding Armor
31:12 Masonry
30:57 Murder Holes
31:11 Town Patrol
31:50 Wheelbarrow
31:17 Hussar
33:27 Conscription
34:04 Chain Barding Armor
34:53 Chemistry
35:07 Double Crossbow
36:08 Elite Ballista Elephant
师太爱失态
7:35 Feudal Age
11:25 Castle Age
9:30 Double-Bit Axe
9:43 Horse Collar
12:45 Bow Saw
13:01 Heavy Plow
24:44 Imperial Age
23:12 Wheelbarrow
24:01 Chemistry
23:27 Pikeman
25:07 Fortified Wall
25:11 Fervor
25:24 Hand Cart
26:07 Loom
26:28 Padded Archer Armor
27:57 Two-Man Saw
27:28 Ballistics
26:43 Houfnice
28:05 Leather Archer Armor
28:39 Siege Engineers
29:46 Ring Archer Armor
30:04 Halberdier
30:22 Elite Skirmisher
31:00 Town Watch
31:25 Squires
31:59 Conscription
32:47 Town Patrol
38:10 Fletching
小子欸别跑
9:02 Feudal Age
10:00 Double-Bit Axe
9:59 Horse Collar
13:17 Castle Age
13:48 Wheelbarrow
18:38 Loom
22:39 Bow Saw
22:31 Heavy Plow
28:02 Imperial Age
25:48 Hand Cart
26:31 Town Watch
27:00 Kamandaran
28:30 Bloodlines
28:21 Husbandry
28:44 Conscription
28:24 Elite War Elephant
29:45 Light Cavalry
31:04 Forging
30:59 Scale Barding Armor
31:05 Crossbowman
32:31 Crop Rotation
33:06 Two-Man Saw
31:59 Stone Mining
32:40 Thumb Ring
33:35 Iron Casting
32:51 Fletching
35:26 Chemistry
34:47 Ballistics
35:49 Blast Furnace
34:47 Bodkin Arrow
37:30 Padded Archer Armor
38:34 Gold Mining
Suni
8:23 Feudal Age
9:47 Double-Bit Axe
12:38 Castle Age
10:28 Horse Collar
15:05 Bow Saw
20:42 Fletching
20:53 Padded Archer Armor
21:32 Heavy Plow
22:42 Wheelbarrow
23:37 Hand Cart
25:26 Loom
25:46 Bodkin Arrow
26:06 Leather Archer Armor
25:50 Gold Mining
25:51 Stone Mining
29:03 Imperial Age
27:10 Gold Shaft Mining
27:12 Stone Shaft Mining
26:23 Treadmill Crane
27:36 Ballistics
27:41 Town Watch
29:20 Thumb Ring
29:33 Scale Barding Armor
29:38 Forging
29:12 Elite Elephant Archer
30:54 Chemistry
29:58 Bracer
30:34 Crop Rotation
30:34 Bloodlines
30:52 Conscription
30:47 Kshatriyas
31:03 Frontier Guards
31:09 Frontier Guards
31:37 Husbandry
eterna1
2:37 Loom
7:53 Feudal Age
13:34 Castle Age
12:18 Horse Collar
15:23 Double-Bit Axe
15:41 Heavy Plow
15:34 Gold Mining
22:06 Town Watch
22:56 Wheelbarrow
23:21 Gold Shaft Mining
24:20 Bow Saw
26:29 Scale Barding Armor
27:01 Forging
27:42 Chain Barding Armor
31:46 Imperial Age
30:18 Iron Casting
30:16 Hand Cart
30:10 Stone Mining
31:22 Bloodlines
31:13 Husbandry
31:55 Elite Steppe Lancer
33:48 Blast Furnace
NonlyZorg
0:53 Loom
8:09 Feudal Age
9:47 Wheelbarrow
13:31 Castle Age
11:31 Double-Bit Axe
12:30 Horse Collar
15:02 Bow Saw
17:59 Town Watch
19:47 Town Patrol
19:53 Man-at-Arms
24:09 Fortified Wall
24:43 Gambesons
25:35 Husbandry
26:08 Gold Mining
26:06 Light Cavalry
27:05 Forging
27:35 Masonry
27:28 Long Swordsman
31:26 Imperial Age
29:19 Padded Archer Armor
29:09 Fletching
29:20 Scale Mail Armor
29:07 Treadmill Crane
30:21 Hand Cart
30:16 Heavy Plow
30:20 Pikeman
30:47 Arson
31:40 Iron Casting
31:21 Leather Archer Armor
32:12 Scale Barding Armor
32:43 Iron Casting
31:30 Hussar
32:09 Capped Ram
33:01 Siege Engineers
33:59 Chemistry
34:19 Leather Archer Armor
35:30 Halberdier
c_Roi
8:21 Feudal Age
12:15 Castle Age
10:22 Horse Collar
11:39 Double-Bit Axe
12:16 Loom
13:45 Crossbowman
16:20 Fletching
20:56 Bow Saw
21:33 Heavy Plow
25:00 Wheelbarrow
24:39 Gold Mining
24:41 Stone Mining
28:37 Hand Cart
29:53 Gold Shaft Mining
32:13 Imperial Age
30:41 Bow Saw
30:51 Scale Mail Armor
31:01 Forging
31:13 Squires
31:00 Gambesons
30:40 Pikeman
32:14 Ballistics
31:48 Guard Tower
32:15 Chain Mail Armor
31:56 Bodkin Arrow
32:08 Gambesons
33:00 Iron Casting
33:21 Conscription
32:24 Halberdier
33:48 Keep
34:09 Yasama
34:45 Plate Mail Armor
36:44 Blast Furnace
Connection lost

Rejoining the realm…

Still unreachable

The connection could not be restored.

Session expired

The server has moved on; the page needs a fresh start.